 Dungeon Crawl Stone Soup version 0.31-a0-983-g7b6862f502 (webtiles) character file.

Game seed: 642308044302858961

279 Firecrotchwizard the Changeling (level 6, -10/47 HPs)
             Began as a Merfolk Shapeshifter on Nov 3, 2023.
             Killed by nerve-wracking pain
             ... invoked by Grinder
              (13 damage)
             ... on level 3 of the Dungeon.
             The game lasted 00:05:51 (2766 turns).

Firecrotchwizard the Changeling (MfSh)              Turns: 2766, Time: 00:05:51

Health: -10/47     AC:  5    Str: 14    XL:     6   Next: 26%
Magic:  6/6        EV: 11    Int: 10    God:
Gold:   72         SH:  5    Dex: 15    Spells: 5/5 levels left

rFire   . . .        s - +0 dagger (elec)
rCold   . . .        m - +0 buckler
rNeg    . . .        e - +0 ring mail
rPois   .            (helmet currently unavailable)
rElec   .            (cloak currently unavailable)
rCorr   .            (gloves currently unavailable)
SInv    .            (boots currently unavailable)
Will    .....        (no amulet)
Stlth   +            (no ring)
HPRegen 0.27/turn    (no ring)
MPRegen 0.10/turn

%: no passive effects
@: beast-form
A: beast (slay +3), (nimble swimmer 2), mertail
a: Begin Untransformation


You were on level 3 of the Dungeon.
You were a hulking beast.
You visited 1 branch of the dungeon, and saw 3 of its levels.

You collected 72 gold pieces.

Inventory:

Hand Weapons
 s - a +0 dagger of electrocution (weapon)
Missiles
 g - 6 curare-tipped darts
 u - a throwing net {@!f}
Armour
 a - a +0 animal skin
 e - a +0 ring mail (worn)
 m - a +0 buckler (worn)
Jewellery
 r - a ring of resist corrosion
Talismans
 c - a beast talisman
 d - a flux talisman
Scrolls
 f - 2 scrolls of immolation {unknown}
 i - a scroll of silence {unknown}
 o - a scroll of amnesia {unknown}
 p - 2 scrolls of poison {unknown}
 q - a scroll of blinking {unknown}
 t - a scroll of identify {unknown}
 v - a scroll of teleportation {unknown}
Potions
 b - 2 potions of lignification
 h - 3 potions of heal wounds {unknown}
 j - a potion of haste {unknown}
 k - 2 potions of attraction {unknown}
 l - 2 potions of curing {unknown}
 n - a potion of magic {unknown}


   Skills:
 + Level 3.4 Fighting
 - Level 3.3 Dodging
 + Level 2.2 Shields
 + Level 4.6 Unarmed Combat
 + Level 5.4 Shapeshifting


You had 5 spell levels left.
You didn't know any spells.
Your spell library contained the following spells:

 Spells                   Type           Power      Damage    Failure   Level
 Blink                    Tloc           0%         N/A       85%         2
 Cigotuvi's Dreadful Rot  Necr/Pois/Air  0%         N/A       85%         2
 Ignite Poison            Fire/Tmut/Pois 0%         N/A       97%         3
 Manifold Assault         Tloc           0%         N/A       100%        4
 Freezing Cloud           Conj/Ice/Air   0%         6-21      100%        5


Dungeon Overview and Level Annotations

Branches:
Dungeon (3/15)

Altars:
Ashenzari
Kikubaaqudgha
Makhleb
Okawaru
Yredelemnul

Annotations:
D:3 Grinder


Innate Abilities, Weirdness & Mutations

You are a hulking beast.
Your limbs bulge with bestial killing power. (Slay +3)
((You are very nimble when in or above water. (Stealth+, EV+, Speed+++)))
Your lower body shifts to a powerful aquatic tail in water.


Message History

There is a stone staircase leading down here.
p - 2 scrolls labelled YTUBEI BISSOICU (gained 1)
A giant cockroach comes into view.
You hit the giant cockroach.
The giant cockroach is severely wounded.
The giant cockroach barely misses you.
You hit the giant cockroach.
You kill the giant cockroach!
You see here a giant cockroach corpse.
A bat comes into view.
The bat hits you but does no damage.
You hit the bat.
The bat is moderately wounded.
The bat misses you.
A bat is nearby!
You block the bat's attack. The bat closely misses you.
You hit the bat but do no damage. The bat closely misses you.
A bat is nearby!
The bat hits you. The bat misses you. The bat barely misses you.
You barely miss the bat. The bat closely misses you.
You hit the bat.
The bat is heavily wounded.
The bat closely misses you. The bat hits you.
You hit the bat. Lightning courses through the bat!
You kill the bat!
No target in view!
v - a scroll labelled JUSIFF GAQER As you open the door, it creaks loudly!
Grinder comes into view.
Grinder says, "You look like you could use a good racking."
There is an open door here.
You completely miss Grinder. Grinder gestures at you.
You resist with significant effort.
You hit Grinder but do no damage. Grinder hits you.
You writhe in agony.
You hit Grinder.
Grinder is lightly wounded.
Grinder hits you!
You closely miss Grinder.
Grinder is lightly wounded.
You block Grinder's attack.
You closely miss Grinder.
Grinder is lightly wounded.
Grinder closely misses you.
You barely miss Grinder.
Grinder is lightly wounded.
Grinder hits you but does no damage.
You completely miss Grinder.
Grinder is lightly wounded.
Grinder closely misses you.
You barely miss Grinder.
Grinder is lightly wounded.
Grinder blinks!
You closely miss Grinder.
Grinder is lightly wounded.
Grinder gestures at you.
You barely resist. You closely miss Grinder.
Grinder is lightly wounded.
Grinder hits you.
You writhe in agony.
You hit Grinder. Lightning courses through Grinder!
Grinder is moderately wounded.
Grinder hits you!
You writhe in agony.
* * * LOW HITPOINT WARNING * * *
You hit Grinder.
Grinder is heavily wounded.
Grinder gestures at you. Pain shoots through your body!
* * * LOW HITPOINT WARNING * * *
You hit Grinder.
Grinder is heavily wounded.
Grinder blinks!
Grinder gestures at you.
You barely resist.
Grinder says, "Mostly I couldn't keep them alive."
Grinder hits you!
* * * LOW HITPOINT WARNING * * *
You writhe in agony.
* * * LOW HITPOINT WARNING * * *
You barely miss Grinder.
Grinder is heavily wounded.
You block Grinder's attack.
You barely miss Grinder.
Grinder is heavily wounded.
Grinder barely misses you.
You hit Grinder.
Grinder is heavily wounded.
You block Grinder's attack.
You hit Grinder.
Grinder is severely wounded.
Grinder barely misses you.
You barely miss Grinder.
Grinder is severely wounded.
Grinder gestures at you. Pain shoots through your body!
You die...
Grinder says, "Now the real fun starts!"

..########.....##
#.......###########
........#######...##
#.......#.......#..##
#########......###..####
.............†## ##....#
....#####....## ####.#
##### #...####+#####.# #
##### #5h.#.##.#
+.⌠.'....# #...#.####
##+####


You could see Grinder.

Vanquished Creatures
  Sigmund (D:3)
  Jessica (D:3)
  4 gnolls
  An adder (D:2)
  A worm (D:3)
  2 dart slugs
  7 ball pythons
  6 bats
  5 endoplasms (D:2)
  4 giant cockroaches
  2 hobgoblins
  2 kobolds
  A quokka (D:2)
  4 goblins
  3 rats
44 creatures vanquished.

Notes
Turn   | Place    | Note
-------+----------+-------------------------------------------
     0 | D:1      | Firecrotchwizard the Merfolk Shapeshifter began the quest
                  | for the Orb.
     0 | D:1      | Reached XP level 1. HP: 15/15 MP: 1/1
   133 | D:1      | Reached XP level 2. HP: 21/21 MP: 2/2
  1102 | D:2      | Found a basalt altar of Yredelemnul.
  1104 | D:2      | Reached XP level 3. HP: 27/27 MP: 3/3
  2039 | D:3      | Noticed Jessica
  2043 | D:3      | Killed Jessica
  2044 | D:3      | Reached XP level 4. HP: 34/34 MP: 4/4
  2054 | D:2      | Reached skill level 1 in Shields
  2210 | D:3      | Noticed Sigmund
  2217 | D:3      | Killed Sigmund
  2218 | D:3      | Reached skill level 5 in Shapeshifting
  2218 | D:3      | Reached XP level 5. HP: 23/41 MP: 5/5
  2218 | D:3      | Reached XP level 6. HP: 27/47 MP: 6/6
  2580 | D:3      | Found a burning altar of Makhleb.
  2581 | D:3      | Found an ancient bone altar of Kikubaaqudgha.
  2582 | D:3      | Found an iron altar of Okawaru.
  2582 | D:3      | Found a broken altar of Ashenzari.
  2745 | D:3      | Noticed Grinder
  2761 | D:3      | HP: 2/47 [Grinder (3)]
  2766 | D:3      | Killed from afar by Grinder

Illustrated notes

Levels and vault maps discovered:
D:1:      amcnicky_arrival_abandoned_market, layout_loops_corners
D:2:      layout_basic, basic_altar, dk_vineyard_1
D:3:      layout_rooms, mainiacjoe_overflow_alcove_3,
          grunt_temple_overflow_diamond, dreamdust_princess_bridge,
          uniq_sigmund, uniq_jessica, uniq_grinder

Skill      XL: |  1  2  3  4 |
---------------+-------------+-----
Dodging        | 3 |  3.3
Fighting       | 2 3 |  3.4
Shields        | 2 |  2.2
Unarmed Combat | 4 |  4.6
Shapeshifting  | 5 |  5.4

Action                     |  1- 3 |  4- 6 || total
---------------------------+-------+-------++-------
  Melee: Unarmed           |    73 |       ||    73
         Dagger            |    34 |    45 ||    79
 Armour: Animal skin       |     4 |       ||     4
         Ring mail         |    70 |    16 ||    86
  Dodge: Dodged            |    52 |    22 ||    74
  Block: Buckler           |     4 |    10 ||    14

Table legend: (Time is in decaauts)
 A = Elapsed time spent in this place.
 B = Non-inter-level travel time spent in this place.
 C = Inter-level travel time spent in this place.
 D = Time resting spent in this place.
 E = Time spent auto-exploring this place.
 F = Levels seen in this place.
 G = Mean time per level.
                   A        B        C        D        E       F      G
               +--------+--------+--------+--------+--------+-----+--------+
         Total |   2762 |   2683 |     79 |    234 |   2071 |   3 |  920.7 |
       Dungeon |   2762 |   2683 |     79 |    234 |   2071 |   3 |  920.7 |
               +--------+--------+--------+--------+--------+-----+--------+

Top non-repeatable levels by time:
     D:2: 1215 daAuts
     D:1: 951 daAuts
     D:3: 595 daAuts
